 Dungeon Crawl Stone Soup version 0.18.1-48-g4cf74bf (webtiles) character file.

3205 tomaswak the Blocker (level 9, -1/82 HPs)
             Began as a Minotaur Fighter on Aug 8, 2016.
             Slain by an orc warrior
             ... wielding a +0 glaive
              (17 damage)
             ... on level 7 of the Dungeon.
             The game lasted 00:40:44 (7279 turns).

tomaswak the Blocker (Minotaur Fighter)             Turns: 7279, Time: 00:40:45

Health: -1/82      AC:  9    Str: 24    XL:     9   Next: 65%
Magic:  8/8        EV: 11    Int:  7    God:
Gold:   464        SH: 13    Dex: 10    Spells: 0 memorised, 8 levels left

rFire  . . .     SeeInvis .     a - +2 long sword
rCold  . . .     Gourm    .     b - +0 scale mail
rNeg   . . .     Faith    +     c - +2 shield
rPois  .         Spirit   .     (helmet restricted)
rElec  .         Dismiss  .     (no cloak)
rCorr  .         Reflect  .     (no gloves)
SustAt .         Harm     .     (no boots)
MR     .....                    h - amulet of faith
Stlth  ..........               (no ring)
                                (no ring)

@: not resistant to hostile enchantments, extremely unstealthy
A: retaliatory headbutt, horns 2, rugged brown scales 1, clever 1
a: no special abilities


You were on level 7 of the Dungeon.
You were full.

You visited 1 branch of the dungeon, and saw 7 of its levels.

You collected 464 gold pieces.

Inventory:

Hand Weapons
 a - a +2 long sword (weapon)
 q - a +0 long sword
 t - a +0 long sword
 z - a +0 rapier
 E - a +0 falchion
Armour
 b - a +0 scale mail (worn)
 c - a +2 shield (worn)
 e - a +0 ring mail
 g - a +0 scale mail
 r - a +0 chain mail
 u - a +0 scale mail
 w - the +4 scale mail "Tyonoch" {rN+ MR+, unknown}
   (You found it on level 5 of the Dungeon)

   It protects you from negative energy.
   It affects your resistance to hostile enchantments.
Jewellery
 h - an amulet of faith (around neck)
 x - an uncursed ring of fire {unknown}
 F - a +4 ring of intelligence {unknown}
Scrolls
 m - a scroll of fear
 p - a scroll of noise
 y - a scroll of remove curse
 B - a scroll of random uselessness
 C - 2 scrolls of recharging
 G - a scroll of identify
 H - a scroll of enchant armour
 I - a scroll of amnesia
 J - a scroll of teleportation
Potions
 d - 2 potions of might
 k - 2 potions of mutation
 n - 2 potions of haste
 o - 2 potions of brilliance
 v - a potion of flight
 A - 2 potions of curing
 K - a potion of cancellation {unknown}
Books
 D - a book of Ice

   Spells                             Type                      Level
   a - Ice Form                       Ice/Transmutation            4
   b - Metabolic Englaciation         Hexes/Ice                    5
   c - Ozocubu's Refrigeration        Ice                          6
   d - Bolt of Cold                   Conjuration/Ice              6
   e - Freezing Cloud                 Conjuration/Ice/Air          6
   f - Simulacrum                     Ice/Necromancy               6
Comestibles
 f - 4 bread rations
 i - 4 beef jerkies
 j - 5 fruits
 l - 5 meat rations
 s - a slice of pizza


   Skills:
 + Level 7.6 Fighting
 + Level 6.9 Long Blades
 + Level 8.5 Armour
 + Level 6.5 Dodging
 + Level 0.5 Stealth
 + Level 8.9 Shields


You had 8 spell levels left.
You didn't know any spells.

Dungeon Overview and Level Annotations

Branches:
Dungeon (7/15)             Temple (0/1) D:6

Altars:
Ashenzari
Cheibriados
Elyvilon
Fedhas
Gozag
Okawaru
Pakellas
Qazlal
Trog
Xom
Yredelemnul
Zin

Shops:
D:7 [


Innate Abilities, Weirdness & Mutations

You reflexively headbutt those who attack you in melee.
You have a pair of horns on your head.
You are partially covered in rugged brown scales (AC +1, +3% HP).
Your mind is acute. (Int +2)


Message History

The tomahawk hits you.
The orc warrior hits you from afar with a glaive!
* * * LOW HITPOINT WARNING * * *
The orc throws a tomahawk.
The tomahawk misses you. Something hits you but does no damage.
You miss something. Your headbutt misses something.
The orc throws a tomahawk.
The tomahawk hits you but does no damage.
You block the orc warrior's attack. Something hits you but does no damage.
You closely miss something.
The orc throws a tomahawk.
The tomahawk hits you.
* * * LOW HITPOINT WARNING * * *
Something hits you but does no damage.
The orc warrior hits you from afar with a glaive.
* * * LOW HITPOINT WARNING * * *
You closely miss something. You headbutt something.
Something hits you but does no damage.
You hit something. You block the orc warrior's attack.
Something hits you but does no damage.
You miss something. Your headbutt misses something.
The orc warrior hits you from afar with a glaive!
You die...

#.# #.# #.# #.# #.# ##### #######
#.#########...#
.......###...........#.##
%.....o)@..$.............
#....#o##................ #.# #.
#.##############. #.##+#### ##
#..[....# # ## ##.......# # .....
.........# # .#.#.#.#.#
##......############
..........#####......#...........


You could see an orc warrior and an orc.

Vanquished Creatures
  Pikel (D:5)
  Prince Ribbit (D:6)
  Grinder (D:6)
  Sigmund (D:6)
  The ghost of Elystan the Chucker, an amateur TrHu of the Shining One (D:4)
  Eustachio (D:5)
  A hippogriff (D:7)
  Edmund (D:6)
  4 slaves
  2 ice beasts
  A necrophage (D:4)
  A giant frog (D:6)
  Blork the orc (D:6)
  A water moccasin skeleton (D:5)
  A scorpion (D:7)
  A howler monkey (D:5)
  A crimson imp (D:3)
  A giant frog zombie (D:6)
  6 jellies
  A giant frog skeleton (D:7)
  2 orc priests (D:7)
  5 hounds
  4 orc wizards
  Crazy Yiuf (D:5)
  An iguana (D:6)
  A hound skeleton (D:4)
  A hound zombie (D:5)
  22 gnolls
  7 adders
  2 shadow imps (D:6)
  3 adder skeletons
  A worm (D:3)
  2 dart slugs
  A giant gecko (D:5)
  20 orcs
  10 giant cockroaches
  15 goblins
  9 hobgoblins
  13 jackals
  9 kobolds
  6 quokkas
  A sheep (D:7)
  A ball python (D:1)
  10 bats
  A giant gecko zombie (D:5)
  9 giant newts
  A jackal skeleton (D:7)
  7 rats
  3 fungi
197 creatures vanquished.

Vanquished Creatures (others)
  A quokka (D:5)
  A fungus (D:1)
2 creatures vanquished.

Grand Total: 199 creatures vanquished

Notes
Turn   | Place    | Note
--------------------------------------------------------------
     0 | D:1      | tomaswak the Minotaur Fighter began the quest for the Orb.
     0 | D:1      | Reached XP level 1. HP: 19/19 MP: 0/0
   160 | D:1      | Reached XP level 2. HP: 18/27 MP: 1/1
   753 | D:1      | Reached XP level 3. HP: 33/33 MP: 2/2
  1101 | D:2      | Reached skill level 1 in Dodging
  1436 | D:2      | Found a stormy altar of Qazlal.
  1999 | D:3      | Reached XP level 4. HP: 40/40 MP: 3/3
  2130 | D:3      | Gained mutation: You are partially covered in rugged brown scales (AC +1, +3% HP). [potion of mutation]
  2130 | D:3      | Gained mutation: Your mind is acute. (Int +2) [potion of mutation]
  2254 | D:3      | Found a faded altar to an unknown god.
  2351 | D:3      | Reached XP level 5. HP: 45/48 MP: 4/4
  2561 | D:3      | Found a basalt altar of Yredelemnul.
  2562 | D:3      | Found a snail-covered altar of Cheibriados.
  2952 | D:4      | Found a glowing drain.
  2997 | D:4      | Noticed Elystan's ghost (amateur TrHu)
  3070 | D:4      | Killed Elystan's ghost
  3070 | D:4      | Reached skill level 5 in Fighting
  3070 | D:4      | Reached skill level 5 in Armour
  3070 | D:4      | Reached skill level 5 in Shields
  3070 | D:4      | Reached XP level 6. HP: 24/57 MP: 5/5
  3866 | D:4      | Reached XP level 7. HP: 62/62 MP: 6/6
  4070 | D:5      | Entered Level 5 of the Dungeon
  4071 | D:5      | Noticed Pikel
  4162 | D:5      | HP: 3/62 [slave[Pikel] (5)]
  5091 | D:5      | Killed Pikel
  5091 | D:5      | Reached XP level 8. HP: 37/72 MP: 7/7
  5326 | D:5      | Found an oddly glowing altar of Pakellas.
  5362 | D:5      | Got an encrusted scale mail
  5377 | D:5      | Found an opulent altar of Gozag.
  5383 | D:5      | Reached skill level 5 in Dodging
  5409 | D:5      | Noticed Eustachio
  5415 | D:5      | Killed Eustachio
  5415 | D:5      | Reached skill level 5 in Long Blades
  5487 | D:5      | Found a white marble altar of Elyvilon.
  5559 | D:5      | Found a shattered altar of Ashenzari.
  5758 | D:5      | Noticed Crazy Yiuf
  5764 | D:5      | Killed Crazy Yiuf
  5863 | D:6      | Noticed Edmund
  5864 | D:6      | Found an iron altar of Okawaru.
  5877 | D:6      | Killed Edmund
  5886 | D:6      | Noticed Blork the orc
  5903 | D:6      | Killed Blork the orc
  6124 | D:6      | Found a staircase to the Ecumenical Temple.
  6150 | D:6      | Noticed Grinder
  6171 | D:6      | Paralysed by Grinder for 3 turns
  6180 | D:6      | Paralysed by Grinder for 2 turns
  6182 | D:6      | Killed Grinder
  6182 | D:6      | Reached XP level 9. HP: 70/80 MP: 8/8
  6243 | D:6      | Noticed Sigmund
  6251 | D:6      | Killed Sigmund
  6324 | D:6      | Found a blossoming altar of Fedhas.
  6330 | D:6      | Found a glowing silver altar of Zin.
  6333 | D:6      | Found a stormy altar of Qazlal.
  6336 | D:6      | Found a bloodstained altar of Trog.
  6392 | D:6      | Noticed Prince Ribbit
  6415 | D:6      | Killed Prince Ribbit
  6782 | D:7      | Found Vaamodee's Armour Shop.
  7189 | D:7      | Found a shimmering altar of Xom.
  7279 | D:7      | Slain by an orc warrior

Skill      XL: |  1  2  3  4  5  6  7  8  9 |
---------------+----------------------------+-----
Armour         | 4 5 7 8 |  8.5
Fighting       | 4 5 6 7 |  7.6
Shields        | 4 5 6 7 8 |  8.9
Dodging        | 1 3 4 5 6 |  6.5
Long Blades    | 3 4 5 6 |  6.9
Stealth        | |  0.5

Action                   |  1- 3 |  4- 6 |  7- 9 || total
-------------------------+-------+-------+-------++-------
Melee: Long sword        |   123 |   228 |   344 ||   695
       Headbutt          |    14 |    26 |    85 ||   125
  Use: Scroll            |     6 |     5 |     5 ||    16
       Potion            |     1 |     8 |     4 ||    13
  Eat: Bread ration      |     1 |       |       ||     1
       Meat ration       |       |     1 |     3 ||     4
       Fruit             |       |     1 |     1 ||     2
Armor: Scale mail        |    46 |    88 |   107 ||   241
Dodge: Dodged            |    39 |    72 |    95 ||   206
Block: Shield            |    60 |    99 |   212 ||   371
